 Dungeon Crawl Stone Soup version 0.23.2-40-g277498a001 (webtiles) character file.

Game seed: 12893834644882318855

774 sankara the Cleaver (level 7, 0/57 HPs)
             Began as a Minotaur Berserker on Jan 11, 2020.
             Was a Priest of Trog.
             Slain by a phantom (1 damage)
             ... on level 5 of the Dungeon.
             The game lasted 00:12:27 (4214 turns).

sankara the Cleaver (Minotaur Berserker)            Turns: 4214, Time: 00:12:27

Health: 0/57       AC:  2    Str: 22    XL:     7   Next: 53%
Magic:  6/6        EV: 11    Int:  5    God:    Trog [***...]
Gold:   151        SH:  0    Dex: 10    Spells: 6/6 levels left

rFire    . . .     SeeInvis .   a - +0 hand axe
rCold    . . .     Gourm    .   (no shield)
rNeg     . . .     Faith    .   n - +0 ring mail
rPois    .         Spirit   .   (helmet restricted)
rElec    .         Reflect  .   (no cloak)
rCorr    .         Harm     .   (no gloves)
MR       .....                  (no boots)
Stlth    ..........             (no amulet)
HPRegen  0.19/turn              h - ring of wizardry {Wiz+, !d}
MPRegen  0.10/turn              (no ring)

@: lethally poisoned (0 -> -1), corroded, berserk cooldown, slowed, very slow
A: retaliatory headbutt, horns 2
a: Berserk, Trog's Hand, Renounce Religion


You were on level 5 of the Dungeon.
You worshipped Trog.
Trog was most pleased with you.
You were very hungry.

You visited 2 branches of the dungeon, and saw 6 of its levels.
You also visited: Sewer.

You collected 151 gold pieces.

Inventory:

Hand Weapons
 a - a +0 hand axe (weapon)
 b - a +0 shortbow
   (You took it off a centaur on level 3 of the Dungeon)
 u - a +0 hunting sling
   (You found it on level 3 of the Dungeon)
Missiles
 o - 53 arrows
 y - 12 poisoned needles
Armour
 n - a +0 ring mail (worn)
   (You found it on level 2 of the Dungeon)
 s - a +1 leather armour of fire resistance
   (You took it off an orc on level 3 of the Dungeon)
Jewellery
 h - a ring of wizardry (left hand) {Wiz+, !d}
   (You found it on level 1 of the Dungeon)
 w - the ring "Nizevielatu" {Ice Int+10 Dex+2 Slay-6 Stlth+}
   (You found it in a sewer)

   [ring of ice]

   It enhances your ice magic.
   It affects your intelligence (+10).
   It affects your dexterity (+2).
   It affects your accuracy and damage with ranged weapons and melee attacks
   (-6).
   It makes you vulnerable to fire.
   It protects you from cold.
   It makes you more stealthy.
Wands
 p - a wand of digging (5)
   (You found it on level 2 of the Dungeon)
Scrolls
 f - 4 scrolls of identify {unknown}
 i - 3 scrolls of teleportation {unknown}
 k - 3 scrolls of remove curse {unknown}
 l - a scroll of noise {unknown}
 m - 2 scrolls of fear {unknown}
 z - a scroll of fog {unknown}
Potions
 d - a potion of haste {unknown}
 e - a potion of flight {unknown}
 g - 2 potions of heal wounds {unknown}
 j - a potion of degeneration {unknown}
 q - a potion of might {unknown}
 r - a potion of berserk rage {unknown}
 v - a potion of lignification {unknown}
 x - a potion of agility {unknown}
 A - a potion of resistance {unknown}
Comestibles
 c - 9 rations
 t - 2 chunks of flesh {@w0}


   Skills:
 - Level 3.6 Fighting
 + Level 8.0 Axes
 * Level 4.4 Bows
 + Level 5.4 Armour
 - Level 2.1 Dodging


You had 6 spell levels left.
You didn't know any spells.
Your spell library contained the following spells:

 Spells                   Type           Power        Failure   Level  Hunger
 Beastly Appendage        Tmut           #.....       32%         1    ##.....
 Magic Dart               Conj           #...         32%         1    ##.....
 Blink                    Tloc           N/A          43%         2    ###....
 Call Imp                 Summ           #.......     43%         2    ###....
 Slow                     Hex            #.......     43%         2    ###....
 Sticks to Snakes         Tmut           #.......     43%         2    ###....
 Conjure Flame            Conj/Fire      #.......     65%         3    ####...
 Mephitic Cloud           Conj/Pois/Air  #.......     65%         3    ####...
 Spider Form              Tmut/Pois      #.........   65%         3    ####...
 Ice Form                 Ice/Tmut       #.......     95%         4    #####..
 Blade Hands              Tmut           #.........   100%        5    ######.


Dungeon Overview and Level Annotations

Branches:
Dungeon (5/15)             Temple (1/1) D:4

Altars:
Ashenzari
Elyvilon
Fedhas
Gozag
Hepliaklqana
Nemelex Xobeh
Qazlal
Ru
Trog
Uskayaw
Vehumet
Wu Jian
Xom
Yredelemnul
Zin
The Shining One


Innate Abilities, Weirdness & Mutations

You reflexively headbutt those who attack you in melee.
You have a pair of horns on your head.


Message History

The worker ant is lightly wounded.
Firing (i - inventory)
o - 58 arrows (quivered)
Press: ? - help, Shift-Dir - straight line, f - orc
Aim: an orc, wielding a +0 short sword You shoot an arrow.
The arrow barely misses the orc.
A phantom comes into view.
Firing (i - inventory)
o - 57 arrows (quivered)
Press: ? - help, Shift-Dir - straight line, f - worker ant
Aim: a worker ant (lightly wounded)
You shoot an arrow.
The arrow closely misses the worker ant.
The worker ant misses you. You furiously retaliate!
You headbutt the worker ant, but do no damage.
The worker ant barely misses you.
a - a +0 hand axe (weapon)
You slash the worker ant!
The worker ant is severely wounded.
The worker ant misses you.
You hit the worker ant but do no damage.
Your headbutt misses the worker ant.
The worker ant is severely wounded.
The worker ant bites you but does no damage.
The worker ant bites you.
You hit the worker ant.
The worker ant is severely wounded.
The worker ant closely misses you.
You barely miss the worker ant.
The worker ant is severely wounded.
The worker ant bites you!
You are poisoned.
The worker ant poisons you!
A red film seems to cover your vision as you go berserk!
You feel yourself moving faster!
You feel mighty!
You are feeling very hungry.
You feel sick. The worker ant bites you.
You closely miss the worker ant.
The worker ant is severely wounded.
You slash the worker ant!
You kill the worker ant!
Trog accepts your kill.
You feel sick.
You slice the orc!!
You kill the orc!
Trog accepts your kill.
You slash the phantom! You headbutt the phantom!
The phantom is heavily damaged.
You closely miss the phantom.
The phantom is heavily damaged.
The phantom closely misses you.
You closely miss the phantom. You headbutt the phantom.
The phantom is severely damaged.
You feel sick.
The phantom blinks!
Things that are here:
a +0 short sword; a worker ant corpse You butcher the worker ant corpse.
You feel a strong urge to attack something.
Things that are here:
a +0 short sword; a chunk of flesh {@w0} The phantom hits you.
The phantom blinks!
You feel your anger nearly subside.
You are no longer berserk.
Trog's vigour flows through your veins.
You are exhausted.
You feel yourself slow down.
You feel sick.
b - a +0 shortbow (weapon)
You are too injured to fight recklessly!
You are too injured to fight recklessly!
Firing (i - inventory)
o - 56 arrows (quivered)
Press: ? - help, Shift-Dir - straight line, f - phantom
Aim: a phantom (severely damaged)
You shoot an arrow. The arrow misses the phantom.
Firing (i - inventory)
o - 55 arrows (quivered)
Press: ? - help, Shift-Dir - straight line, f/p - phantom
Aim: a phantom (severely damaged)
You shoot an arrow. The arrow closely misses the phantom.
You feel sick.
Firing (i - inventory)
o - 54 arrows (quivered)
Press: ? - help, Shift-Dir - straight line, f/p - phantom
Aim: a phantom (severely damaged)
You shoot an arrow. The arrow closely misses the phantom.
The phantom hits you. The phantom barely misses you. You furiously retaliate!
You headbutt the phantom, but do no damage.
a - a +0 hand axe (weapon)
The jelly hits you but does no damage.
You hit the phantom but do no damage. Your headbutt misses the phantom.
The phantom is severely damaged.
You hit the jelly.
Your hands burn!
You feel sick. The phantom closely misses you.
The jelly hits you but does no damage.
The phantom hits you but does no damage.
You closely miss the phantom. Your headbutt misses the phantom.
The phantom is severely damaged.
You hit the jelly.
Your hands burn!
The jelly hits you.
You are splashed with acid!
The phantom closely misses you. The jelly hits you.
* * * LOW HITPOINT WARNING * * *
The acid corrodes you!
You are splashed with acid.
* * * LOW HITPOINT WARNING * * *
The jelly hits you.
* * * LOW HITPOINT WARNING * * *
You are splashed with acid!
* * * LOW HITPOINT WARNING * * *
The phantom hits you.
You die...

....##.## #.####..#
..###..#####.## ##.#
#...<...#.....## #.#
###..##...#'#..# #.#
##.
#.####.##.##.###.##
... #.#
#..#...#......###.##
#
#.#######.###......##
.. #)###........ ...
#.@W..(##.... ...#
##.J.<(.(.##. ...
#.########
...(o.'........
(....(#..######
#######..# ..## ...
.##


You could see a phantom and a jelly.

Vanquished Creatures
  A centaur (D:3)
  2 bullfrogs (Sewer)
  2 crimson imps
  2 hounds (D:4)
  3 orc priests (D:4)
  4 worker ants
  An iguana (D:4)
  An orc wizard (D:4)
  A hound skeleton (D:4)
  5 adders
  A river rat (D:3)
  2 oozes
  An adder skeleton (D:4)
  2 worms
  3 dart slugs
  4 leopard geckos
  19 orcs
  3 ball pythons
  11 giant cockroaches
  3 hobgoblins
  4 jackals (D:2)
  7 kobolds
  6 quokkas
  4 bats
  7 frilled lizards
  9 goblins
  A leopard gecko skeleton (D:4)
  A quokka skeleton (D:4)
  8 rats
118 creatures vanquished.

Notes
Turn   | Place    | Note
-------+----------+-------------------------------------------
     0 | D:1      | sankara the Minotaur Berserker began the quest for the Orb.
     0 | D:1      | Reached XP level 1. HP: 19/19 MP: 0/0
   197 | D:1      | Reached skill level 4 in Axes
   312 | D:1      | Reached XP level 2. HP: 20/26 MP: 1/1
   919 | D:2      | Reached skill level 5 in Axes
  1144 | D:2      | Reached XP level 3. HP: 25/31 MP: 2/2
  1521 | D:2      | Reached ** piety under Trog
  1773 | D:2      | Found a glowing golden altar of the Shining One.
  1819 | D:3      | Reached XP level 4. HP: 39/39 MP: 3/3
  1896 | D:3      | Reached skill level 3 in Armour
  1926 | D:3      | Reached skill level 6 in Axes
  2103 | D:3      | Noticed a centaur
  2115 | D:3      | HP: 9/39 [centaur (6)]
  2116 | D:3      | Killed a centaur
  2116 | D:3      | Reached XP level 5. HP: 11/45 MP: 4/4
  2136 | D:3      | Reached skill level 7 in Axes
  2291 | D:3      | Found a glowing drain.
  2312 | Sewer    | Entered a sewer
  2366 | Sewer    | Reached skill level 4 in Armour
  2384 | Sewer    | Reached *** piety under Trog
  2643 | Sewer    | Reached skill level 1 in Bows
  2643 | Sewer    | Reached XP level 6. HP: 46/51 MP: 5/5
  2647 | Sewer    | Reached skill level 2 in Bows
  2661 | Sewer    | Got a slimy brass ring
  2664 | Sewer    | Identified the ring "Nizevielatu" {Ice Int+10 Dex+2 Slay-6
                  | Stlth+} (You found it in a sewer)
  3309 | D:4      | Reached skill level 3 in Bows
  3425 | D:4      | Reached XP level 7. HP: 57/57 MP: 6/6
  3497 | D:4      | Reached skill level 5 in Armour
  3713 | D:4      | Found a staircase to the Ecumenical Temple.
  3720 | Temple   | Entered the Ecumenical Temple
  3990 | D:5      | Entered Level 5 of the Dungeon
  4009 | D:5      | Reached skill level 4 in Bows
  4029 | D:5      | Reached skill level 8 in Axes
  4213 | D:5      | HP: 13/57 [acid (4)]
  4214 | D:5      | HP: 1/57 [acid (10)]
  4214 | D:5      | Slain by a phantom

Skill      XL: |  1  2  3  4  5  6  7 |
---------------+----------------------+-----
Axes           | 4 5 6 7 8 |  8.0
Armour         | 3 4 5 |  5.4
Bows           | 1 3 4 |  4.4
Fighting       | |  3.6
Dodging        | |  2.1

Action                   |  1- 3 |  4- 6 |  7- 9 || total
-------------------------+-------+-------+-------++-------
Melee: Hand axe          |   106 |   110 |    42 ||   258
       Headbutt          |    11 |    21 |     9 ||    41
 Fire: Shortbow          |       |    23 |    49 ||    72
Invok: Berserk           |     1 |     2 |     1 ||     4
  Eat: Chunk             |     3 |     7 |     3 ||    13
Armor: Animal skin       |     8 |       |       ||     8
       Ring mail         |    20 |    44 |    15 ||    79
Dodge: Dodged            |    62 |    63 |    21 ||   146

Levels and vault maps discovered:
D:1:      nzn_arrival_water_spiral, layout_loops_ring
D:2:      layout_basic, lemuel_coloured_pillars_altar
D:3:      layout_basic, portal_sewer_entry_b, chequers_jeans
D:4:      layout_basic, temple_green, first_ration
D:5:      layout_rooms, okawaru_ov_weapons_minmay, minmay_divided_ellipse
Temple:   eino_wide_crystal_templ
Sewer:    sewer_frog_island_01

Table legend:
 A = Turns spent in this place as a percentage of turns spent in the entire game.
 B = Non-inter-level travel turns spent in this place as a percentage of non-inter-level travel turns spent in the entire game.
 C = Inter-level travel turns spent in this place as a percentage of turns spent in this place.
 D = Turns resting spent in this place as a percentage of non-inter-level travel turns spent in this place.
 E = Turns spent auto-exploring this place as a percentage of non-inter-level travel turns spent in this place.
 F = Non-inter-level travel turns spent in this place divided by the number of levels of this place that you've seen.
                   A       B       C       D       E      F
               +-------+-------+-------+-------+-------+----------------------
         Total | 100.0 | 100.0 |   1.5 |  20.7 |  56.9 | 593.0
       Dungeon |  84.9 |  85.2 |   1.2 |  21.8 |  57.2 | 707.4
        Temple |   1.8 |   1.3 |  27.6 |   0.0 |  96.4 |  55.0
         Sewer |  13.3 |  13.5 |   0.0 |  16.1 |  51.0 | 559.0
               +-------+-------+-------+-------+-------+----------------------

Table legend:
 A = Kills in this place as a percentage of kills in entire the game.
 B = Kills by you in this place as a percentage of kills by you in the entire game.
 C = Kills by friends in this place as a percentage of kills by friends in the entire game.
 D = Other kills in this place as a percentage of other kills in the entire game.
 E = Experience gained in this place as a percentage of experience gained in the entire game.
 F = Experience gained in this place divided by the number of levels of this place that you have seen.
                   A       B       C       D       E      F
               +-------+-------+-------+-------+-------+----------------------
         Total | 100.0 | 100.0 |   N/A |   N/A | 100.0 | 158.1
       Dungeon |  83.9 |  83.9 |   N/A |   N/A |  78.2 | 173.2
         Sewer |  16.1 |  16.1 |   N/A |   N/A |  21.8 | 241.0
               +-------+-------+-------+-------+-------+----------------------
